 Dungeon Crawl Stone Soup version 0.17.1-3-g152610e (webtiles) character file.

1409 Jerry the Cleaver (level 8, -2/68 HPs)
             Began as a Deep Dwarf Berserker on Mar 7, 2016.
             Was an Elder of Trog.
             Slain by an orc warrior
             ... wielding a +0 long sword of slicing
              (9 damage)
             ... on level 6 of the Dungeon.
             The game lasted 00:31:41 (5234 turns).

Jerry the Cleaver (Deep Dwarf Berserker)            Turns: 5234, Time: 00:31:41

Health: -2/68      AC: 14    Str: 23    XL:     8   Next: 42%
Magic:  9/9        EV:  9    Int:  8    God:    Trog [****..]
Gold:   211        SH:  0    Dex: 12    Spells: 0 memorised, 7 levels left

rFire  . . .     SeeInvis .     a - +1 hand axe
rCold  . . .     Clarity  .     o - +1 chain mail {rPois}
rNeg   . . .     SustAt   .     (no shield)
rPois  +         Gourm    .     (helmet restricted)
rElec  .         Spirit   .     w - +0 cloak
rCorr  .         Warding  .     n - +0 pair of gloves
rMut   .         Stasis   .     (no boots)
MR     +....                    (no amulet)
Stlth  ..........               (no ring)
                                (no ring)

@: non-regenerating, somewhat resistant to hostile enchantments, extremely
unstealthy
A: damage resistance, recharge devices, beak, sense surroundings 1, slow
regeneration 3
a: Device Recharging, Berserk, Trog's Hand, Brothers in Arms, Burn Spellbooks,
Renounce Religion


You were on level 6 of the Dungeon.
You worshipped Trog.
Trog was greatly pleased with you.
You were not hungry.

You visited 1 branch of the dungeon, and saw 6 of its levels.

You collected 211 gold pieces.

Inventory:

Hand Weapons
 a - a +1 hand axe (weapon)
 r - a +0 war axe
 z - a +0 war axe
Missiles
 g - 103 stones (quivered)
Armour
 n - a +0 pair of gloves (worn)
 o - a +1 chain mail of poison resistance (worn)
 t - the cursed +1 robe of Dogma {*Drain rPois Dex+5 Slay+6, unknown}
   (You found it on level 5 of the Dungeon)

   It affects your dexterity (+5).
   It affects your accuracy and damage with ranged weapons and melee attacks
   (+6).
   It protects you from poison.
   It causes draining when unequipped.
   It has a curse placed upon it.
 w - a +0 cloak (worn)
Magical Staves
 q - an uncursed staff of earth {unknown}
Wands
 c - a wand of heal wounds (8)
 f - a wand of flame (37)
 h - a wand of cold (5)
Scrolls
 e - 2 scrolls of enchant weapon
 i - 3 scrolls of remove curse
 p - 7 scrolls of identify
 s - a scroll of fear
 u - a scroll of teleportation
 y - a scroll of magic mapping
 A - a scroll of fog {unknown}
Potions
 b - a potion of cure mutation
 k - a potion of flight
 l - a potion of cancellation {unknown}
 m - 3 potions of curing {unknown}
 x - a potion of agility {unknown}
Comestibles
 d - 9 bread rations
 j - 2 meat rations
 v - a royal jelly
 B - a chunk of flesh


   Skills:
 - Level 2.6 Fighting
 + Level 8.0 Axes
 + Level 7.8 Armour
 - Level 2.1 Dodging
 - Level 4.4 Stealth
 - Level 2.3 Evocations


You had 7 spell levels left.
You didn't know any spells.

Dungeon Overview and Level Annotations

Branches:
Dungeon (6/15)
 Temple: D:4-7

Altars:
Cheibriados
Fedhas
Sif Muna
Xom


Innate Abilities, Weirdness & Mutations

You are resistant to damage.
You can recharge devices by infusing magical energy.
You passively map a small area around you.
You do not regenerate naturally.
You have a beak for a mouth.


Message History

The orc warrior hits you with a long sword of slicing!
* * * LOW HITPOINT WARNING * * *
x2 You hit the orc warrior but do no damage.
The orc warrior is severely wounded.
The orc warrior hits you with a long sword of slicing!
* * * LOW HITPOINT WARNING * * *
You closely miss the orc warrior. You peck the orc warrior.
The orc warrior is almost dead.
You hit the orc warrior.
The orc warrior is almost dead.
The orc warrior hits you with a long sword of slicing!
* * * LOW HITPOINT WARNING * * *
A giant gecko comes into view.
You closely miss the orc warrior.
The orc warrior is almost dead.
The orc warrior hits you with a long sword of slicing.
Your chain mail prevents you from hitting the orc warrior.
The orc warrior is almost dead.
The orc warrior hits you with a long sword of slicing!
You die...

, , #......... ..........#
#......... ..........# #.........
....(.....# #......... ,,
..........# #......... ,
,..........#####.).......
...[...............##............
...............)o..##.....####.##
...........l....@..##.....# #..+
...................##.....# ####
...................##.....# #
...................##.....# #
...................##.....# #
...................##.....# #
...................##.....# ###
...................##.....# #..
...................##.....# #..


You could see an orc warrior and a giant gecko.

Vanquished Creatures
  The ghost of Sanvar the Gusty, an amateur TeAE (D:4)
  4 ogres
  2 sky beasts (D:5)
  A centaur (D:5)
  A gnoll sergeant (D:6)
  A hound (D:5)
  An iguana (D:4)
  3 orc priests
  Ijyb (D:2)
  An orc wizard (D:5)
  Natasha (thrice) (D:3)
  3 worker ants
  A hound skeleton (D:6)
  A worker ant zombie (D:5)
  5 adders
  8 gnolls
  An ooze (D:3)
  An adder skeleton (D:4)
  2 worms
  2 giant geckos
  12 orcs
  5 giant cockroaches
  3 goblins
  10 hobgoblins
  7 jackals
  5 quokkas
  A ball python skeleton (D:5)
  7 bats
  A giant gecko skeleton (D:5)
  5 giant newts
  23 kobolds
  3 rats
125 creatures vanquished.

Notes
Turn   | Place    | Note
--------------------------------------------------------------
     0 | D:1      | Jerry the Deep Dwarf Berserker began the quest for the Orb.
     0 | D:1      | Reached XP level 1. HP: 20/20 MP: 1/1
    84 | D:1      | Reached XP level 2. HP: 22/27 MP: 2/2
   280 | D:1      | Reached skill level 1 in Stealth
   396 | D:1      | Reached skill level 1 in Evocations
   563 | D:1      | Reached ** piety under Trog
   667 | D:2      | Reached XP level 3. HP: 11/33 MP: 3/3
   993 | D:2      | Noticed Ijyb
  1006 | D:2      | Reached skill level 4 in Axes
  1013 | D:2      | Killed Ijyb
  1013 | D:2      | Reached XP level 4. HP: 33/40 MP: 5/5
  1696 | D:3      | Noticed Natasha
  1703 | D:3      | Killed Natasha
  1728 | D:3      | Noticed Natasha
  1733 | D:3      | Killed Natasha
  1883 | D:3      | Reached XP level 5. HP: 21/46 MP: 6/6
  1891 | D:3      | Reached *** piety under Trog
  2113 | D:3      | Found a snail-covered altar of Cheibriados.
  2125 | D:3      | Found a blossoming altar of Fedhas.
  2143 | D:3      | Found a shimmering altar of Xom.
  2146 | D:3      | Found a deep blue altar of Sif Muna.
  2506 | D:3      | Noticed Natasha
  2513 | D:3      | Killed Natasha
  2810 | D:4      | Noticed an ogre
  2826 | D:4      | Killed an ogre
  2826 | D:4      | Reached XP level 6. HP: 55/55 MP: 7/7
  2978 | D:4      | Noticed Sanvar's ghost (amateur TeAE)
  2992 | D:4      | Killed Sanvar's ghost
  2992 | D:4      | Reached skill level 5 in Axes
  3233 | D:4      | Reached skill level 5 in Armour
  3477 | D:4      | Noticed an ogre
  3484 | D:4      | Killed an ogre
  3484 | D:4      | Reached XP level 7. HP: 61/61 MP: 8/8
  3603 | D:4      | Reached skill level 6 in Axes
  3755 | D:5      | Entered Level 5 of the Dungeon
  3814 | D:5      | Got a shimmering robe
  4222 | D:5      | Gained mutation: You are occasionally teleported next to monsters. [mutagenic meat]
  4223 | D:5      | Lost mutation: You are occasionally teleported next to monsters. [potion of cure mutation]
  4224 | D:5      | Gained mutation: You have a beak for a mouth. [mutagenic meat]
  4275 | D:5      | Reached skill level 7 in Axes
  4275 | D:5      | Reached XP level 8. HP: 68/68 MP: 9/9
  4812 | D:6      | Reached **** piety under Trog
  5138 | D:6      | Reached skill level 8 in Axes
  5234 | D:6      | Slain by an orc warrior

Action                   |  1- 3 |  4- 6 |  7- 9 || total
-------------------------+-------+-------+-------++-------
Melee: Hand axe          |   130 |   172 |   183 ||   485
Invok: Berserk           |     1 |     5 |     5 ||    11
       Trog's Hand       |       |     1 |     2 ||     3
       Burn Spellbooks   |       |       |     1 ||     1
Evoke: Wand              |     1 |     1 |       ||     2
  Use: Scroll            |     4 |     7 |       ||    11
       Potion            |       |       |     1 ||     1
  Eat: Chunk             |       |    11 |     9 ||    20
       Beef jerky        |       |     2 |       ||     2
       Meat ration       |       |       |     1 ||     1
